Map: Alcyone LE

Players

Ryung - Winner!

  • Race: Terran Terran
  • Spawn Location: 7:00

Epic

  • Race: Terran Terran
  • Spawn Location: 1:00

Event: ESL Spring 2024 Finals

VOD

Have the link to the VOD?

Description

Time

  • Played on: May 31, 2024, 1:30 p.m.
  • Length: 8:27

All games in this series

Show
View Real Time Build Order
Export as new Build Order

Ryung Terran - Winner!

Build Orders: Cyclone Opening 

Get SALT Encoding   

  12  0:00  SCV  
  13  0:12  SCV  
  14  0:17  Supply Depot  
  14  0:24  SCV  
  15  0:39  SCV  
  15  0:40  Barracks  
  16  0:43  Refinery  
  16  0:51  SCV  
  16  0:52  Refinery  
  17  1:03  SCV  
  18  1:15  SCV  
  19  1:27  Orbital Command, Reaper  
  20  1:34  Supply Depot  
  20  1:41  Factory  
  20  1:53  SCV  
  21  1:59  Reaper  
  22  2:05  SCV  
  23  2:17  SCV  
  23  2:22  Command Center  
  24  2:28  Cyclone  
  24  2:29  SCV  
  27  2:39  Starport  
  27  2:41  SCV  
  27  2:44  Barracks Tech Lab  
  28  2:50  Supply Depot  
  28  2:53  SCV  
  29  3:00  Cyclone  
  31  3:11  SCV  
  32  3:19  Barracks Reactor  
  32  3:21  Banshee  
  32  3:23  SCV  
  36  3:32  Factory Tech Lab  
  36  3:35  Orbital Command, SCV  
  36  3:38  Refinery  
  37  3:47  SCV  
  38  3:52  Siege Tank  
  38  3:55  Marine x2  
  41  3:59  SCV  
  41  4:02  SCV  
  45  4:08  Supply Depot  
  45  4:11  Raven  
  45  4:14  SCV x2  
  45  4:16  Marine x2  
  51  4:27  Supply Depot  
  51  4:28  SCV x2  
  53  4:33  Siege Tank  
  56  4:40  SCV x2  
  56  4:43  Command Center  
  58  4:47  Raven  
  60  4:53  Interference Matrix  
  60  4:54  SCV x2  
  62  5:06  SCV x2  
  64  5:17  Factory Reactor  
  64  5:18  SCV x2, Stimpack  
  63  5:22  Barracks  
  63  5:27  Barracks  
  63  5:28  Raven, Supply Depot  
  65  5:29  Marine  
  65  5:30  SCV x2  
  65  5:32  Engineering Bay  
  68  5:37  Engineering Bay  
  68  5:42  SCV x2  
  70  5:45  Refinery  
  70  5:54  SCV x2  
  72  5:57  Orbital Command  
  72  6:06  SCV x2  
  72  6:08  Terran Infantry Weapons Level 1, Terran Infantry Armor Level 1  
  74  6:13  Barracks  
  74  6:14  Marine x3, Starport Reactor  
  74  6:15  Siege Tank  
  78  6:19  Orbital Command, Barracks  
  78  6:22  SCV x2, Marine x2  
  82  6:28  Supply Depot x2  
  82  6:34  Marine x2, Missile Turret  
  82  6:35  SCV x2, Missile Turret  
  82  6:37  Marine  
  87  6:40  Marine x2  
  87  6:45  SCV  
  89  6:47  SCV x2  
  89  6:50  Siege Tank  
  94  6:56  Supply Depot  
  94  6:57  SCV  
  94  6:58  Supply Depot  
  94  6:59  SCV  
  94  7:00  Combat Shield  
  96  7:03  Barracks Reactor  
  96  7:06  Barracks Reactor  
  96  7:07  Medivac  
  96  7:08  Medivac  
  100  7:11  Marine x4  
  100  7:12  SCV  
  100  7:15  SCV  
  106  7:16  Marine  
  107  7:28  Marine  
  107  7:29  Marine x3  
  111  7:32  Siege Tank  
  111  7:34  Marine  
  114  7:39  SCV x3, Marine  
  118  7:45  Marine x3  
  118  7:46  Marine x3  
  118  7:47  Marine  
  118  7:51  Medivac  
  125  7:55  Armory  
  125  7:56  Supply Depot  
  125  7:57  Supply Depot  
  125  8:02  Marine x2  
  125  8:03  Marine x3, Refinery x2  
  133  8:16  Supply Depot  
  133  8:17  Supply Depot  
Show
View Real Time Build Order
Export as new Build Order

Epic Terran 

Build Orders: Cyclone Opening 

Get SALT Encoding   

  12  0:00  SCV  
  13  0:12  SCV  
  14  0:16  Supply Depot  
  14  0:24  SCV  
  15  0:38  SCV  
  15  0:40  Barracks  
  16  0:42  Refinery  
  16  0:50  SCV  
  16  0:52  Refinery  
  17  1:02  SCV  
  18  1:14  SCV  
  19  1:27  Orbital Command, Reaper  
  19  1:28  Supply Depot  
  20  1:41  Factory  
  20  1:53  SCV  
  21  1:59  Reaper  
  22  2:05  SCV  
  23  2:15  Command Center  
  23  2:17  SCV  
  24  2:25  Hellion  
  25  2:31  Starport  
  25  2:33  SCV  
  26  2:41  Barracks Reactor  
  26  2:45  SCV  
  26  2:47  Supply Depot  
  26  2:50  Cyclone  
  29  2:57  SCV  
  29  3:08  Medivac  
  29  3:10  SCV  
  31  3:17  Marine x2  
  33  3:22  SCV  
  33  3:23  Cyclone  
  33  3:27  Refinery  
  36  3:35  SCV  
  36  3:36  Marine x2  
  36  3:40  Orbital Command  
  39  3:42  Starport Tech Lab  
  39  3:47  SCV  
  40  3:55  Factory Tech Lab  
  40  3:56  Marine  
  40  3:57  Marine  
  40  3:59  SCV  
  43  4:03  Raven  
  43  4:05  Interference Matrix  
  43  4:06  SCV  
  43  4:09  Supply Depot  
  46  4:11  SCV  
  46  4:16  Siege Tank  
  50  4:19  SCV  
  50  4:23  SCV  
  52  4:26  Marine x2  
  54  4:33  Supply Depot  
  54  4:36  SCV x2  
  54  4:37  Raven  
  58  4:40  Supply Depot  
  58  4:48  SCV x2  
  60  4:54  Siege Tank  
  61  5:02  Marine  
  61  5:03  Marine  
  61  5:09  SCV x2  
  62  5:17  Raven  
  62  5:19  Command Center  
  62  5:21  SCV  
  62  5:22  SCV  
  62  5:24  Marine x2  
  62  5:27  Supply Depot  
  66  5:33  Siege Tank  
  66  5:35  SCV x2  
  71  5:48  SCV x2, Barracks  
  73  5:50  Barracks  
  73  5:59  Starport Reactor  
  73  6:00  SCV x2  
  75  6:05  Siege Tank  
  78  6:12  Marine, Stimpack  
  78  6:13  SCV  
  78  6:14  SCV  
  78  6:15  Engineering Bay  
  80  6:22  Engineering Bay  
  80  6:28  SCV x2  
  80  6:32  Orbital Command  
  82  6:34  Marine  
  82  6:36  Medivac x2  
  87  6:40  Barracks Reactor  
  87  6:42  SCV  
  87  6:43  SCV  
  87  6:45  Marine x2  
  87  6:46  Refinery  
  91  6:52  Marine  
  92  6:55  SCV x2  
  92  6:59  SCV  
  92  7:01  Barracks  
  95  7:02  Barracks  
  95  7:12  SCV  
  95  7:13  SCV x2  
  95  7:14  Medivac  
  100  7:18  Medivac  
  100  7:19  Supply Depot  
  98  7:23  Marine x3  
  98  7:26  Marine x2  
  94  7:30  Siege Tank  
  94  7:33  SCV x3  
  100  7:41  Marine  
  99  7:50  Marine x4  
  94  7:57  SCV x3  
  94  7:59  Marine, Barracks Reactor  
  94  8:02  Barracks Reactor  
  99  8:06  Refinery x2  
  99  8:08  Supply Depot, Marine x4  
  101  8:13  SCV x3  
Tags
 
Add a new tag
Caveats
  • Supply blocks, unpowered buildings, or Contaminate may cause inaccurate times.
  • Supply counts are checked every 10 seconds.